 Dungeon Crawl Stone Soup version 0.18.1-48-g4cf74bf (webtiles) character file.

374056 nikopol the Phalangite (level 21, 0/198 HPs)
             Began as a Minotaur Berserker on Aug 28, 2016.
             Was the Champion of Trog.
             Shot with a bolt by a yaktaur captain (23 damage)
             ... on level 5 of the Vaults.
             The game lasted 04:06:51 (56436 turns).

nikopol the Phalangite (Minotaur Berserker)        Turns: 56436, Time: 04:06:51

Health: 0/198      AC: 35    Str: 21    XL:     21   Next: 75%
Magic:  20/20      EV: 19    Int:  6    God:    Trog [******]
Gold:   4104       SH:  0    Dex: 20    Spells: 0 memorised, 20 levels left

rFire  + . .     SeeInvis +     z - +7 longbow of Exoneration {speed, rElec rF+ Str-3}
rCold  . . .     Gourm    +     k - +3 plate armour {rN+}
rNeg   + . .     Faith    .     (shield currently unavailable)
rPois  .         Spirit   .     D - +2 hat
rElec  +         Dismiss  .     y - +2 cloak {+Inv}
rCorr  .         Reflect  .     j - +2 pair of gloves
SustAt .         Harm     .     b - +2 pair of boots {Fly}
MR     ++...                    B - amulet of the gourmand
Stlth  ..........               F - ring of protection from magic
                                w - ring of see invisible

@: lethally poisoned (0 -> 0), flying, very slightly contaminated, very
resistant to hostile enchantments, extremely unstealthy
A: retaliatory headbutt, horns 2, talons 1, agile 1, clever 1, wild magic 1
a: Berserk, Trog's Hand, Brothers in Arms, Burn Spellbooks, Renounce Religion,
Evoke Invisibility, Stop Flying
}: 2/15 runes: barnacled, gossamer


You were on level 5 of the Vaults.
You worshipped Trog.
Trog was exalted by your worship.
You were full.

You visited 6 branches of the dungeon, and saw 38 of its levels.
You visited the Abyss 1 time.
You also visited: Labyrinth, Ice Cave and Wizlab.

You collected 4364 gold pieces.
You spent 260 gold pieces at shops.

Inventory:

Hand Weapons
 a - the +10 trident of Avitog {speed, Str+3}
   (You found it on level 7 of the Lair of Beasts)

   Attacks with this weapon are significantly faster.
   It affects your strength (+3).
 u - a +9 antimagic bardiche
 z - the +7 longbow of Exoneration (weapon) {speed, rElec rF+ Str-3}
   (Trog gifted it to you on level 2 of the Orcish Mines)

   Attacks with this weapon are significantly faster.
   It affects your strength (-3).
   It protects you from fire.
   It insulates you from electricity.
 W - the +4 glaive "Nof Cabbu" {pain, rPois}
   (You found it on level 3 of the Spider Nest)

   In the hands of one skilled in necromantic magic, it inflicts extra damage on
   living creatures.
   It protects you from poison.
Missiles
 G - 1065 arrows (quivered)
Armour
 b - a +2 pair of boots of flying (worn)
 j - a +2 pair of gloves (worn)
 k - a +3 plate armour of positive energy (worn)
 y - a +2 cloak of invisibility (worn)
 D - a +2 hat (worn)
Jewellery
 d - an uncursed ring of protection from fire
 v - an uncursed ring of resist corrosion
 w - a ring of see invisible (left hand)
 B - an amulet of the gourmand (around neck)
 F - a ring of protection from magic (right hand)
 J - a +5 ring of dexterity {unknown}
 X - an uncursed ring of sustain attributes
 Z - an uncursed ring of poison resistance
Wands
 I - a wand of digging (13/24)
 L - a wand of disintegration (17/24)
 Q - a wand of teleportation (9/9)
Scrolls
 g - 10 scrolls of identify
 h - a scroll of summoning
 m - 2 scrolls of holy word
 q - a scroll of fog
 x - 9 scrolls of teleportation
 A - 6 scrolls of fear
 C - 8 scrolls of blinking
 E - 13 scrolls of remove curse
 H - 6 scrolls of recharging
 M - 3 scrolls of magic mapping
Potions
 e - 11 potions of curing
 f - a potion of experience
 i - 5 potions of resistance
 n - 3 potions of cure mutation
 p - 6 potions of heal wounds
 r - a potion of berserk rage
 s - 2 potions of haste
 t - a potion of brilliance
 K - 5 potions of ambrosia
 N - 12 potions of might
 O - 2 potions of invisibility
 P - 2 potions of magic
 U - a potion of cancellation
 V - 3 potions of agility
Comestibles
 c - 15 bread rations
 l - 11 meat rations
 o - 8 fruits
 S - 21 royal jellies
 T - a beef jerky


   Skills:
 + Level 19.0 Fighting
 * Level 23.4 Polearms
 * Level 19.1 Bows
 + Level 18.9 Armour
 + Level 18.0 Dodging


You had 20 spell levels left.
You didn't know any spells.

Dungeon Overview and Level Annotations

Branches:
Dungeon (15/15)            Temple (0/1) D:7            Lair (8/8) D:9
 Shoals (4/4) Lair:4       Spider (4/4) Lair:5        Slime (0/6) Lair:6
    Orc (2/2) D:10            Elf (0/3) Orc:2        Vaults (5/5) D:14
  Crypt (0/3) Vaults:3     Depths (0/5) D:15

Altars:
Ashenzari
Cheibriados
Dithmenos
Elyvilon
Kikubaaqudgha
Makhleb
Okawaru
Pakellas
Qazlal
Ru
Sif Muna
Vehumet
Xom
Jiyva

Shops:
D:8 *   D:9 %   D:10 [   Orc:2 =([*   Shoals:1 }   Vaults:1 *


Innate Abilities, Weirdness & Mutations

You reflexively headbutt those who attack you in melee.
You have a pair of horns on your head.
You have sharp toenails.
You are agile. (Dex +2)
Your mind is acute. (Int +2)
Your spells are a little harder to cast, but a little more powerful.


Message History

Firing (i - inventory):
G - 1068 arrows (quivered)
Press: ? - help, Shift-Dir - straight line, f/p - deep elf high priest
Aim: a deep elf high priest, wielding a longbow (lightly wounded)
You shoot an arrow.
The arrow closely misses the deep elf high priest.
Firing (i - inventory):
G - 1067 arrows (quivered)
Press: ? - help, Shift-Dir - straight line, f/p - deep elf high priest
Aim: a deep elf high priest, wielding a longbow (lightly wounded)
You shoot an arrow.
The arrow barely misses the deep elf high priest.
The deep elf high priest shoots an arrow.
The arrow barely misses you.
Firing (i - inventory):
G - 1066 arrows (quivered)
Press: ? - help, Shift-Dir - straight line, f/p - deep elf high priest
Aim: a deep elf high priest, wielding a longbow (lightly wounded)
You shoot an arrow.
The arrow hits the deep elf high priest!!
The deep elf high priest is severely wounded.
The yaktaur captain shoots a bolt.
The bolt hits you!!
You die...

##########################
#(..([...@....((e(........
#..[.(..........c.........
#...(#####################
#...).)[.=...## ##......
#..#....)).)..## ##.......
#..#.)#####)..)###....####
#..#..###..#....#.(..#..##
#..#.)##[...#...)..(#...)#
#..#..#......#.....#......


You could see a yaktaur captain and a deep elf high priest.

Vanquished Creatures
  Mennas (Vaults:4)
  Margery (Vaults:3)
  Saint Roka (Vaults:3)
  A golden dragon (Vaults:5)
  Nikola (Shoals:3)
  Jorgrun (Spider:2)
  Rupert (D:15)
  The ghost of jombi the Brawler, an adept NaMo of Cheibriados (Shoals:4)
  A titan (Vaults:5)
  A quicksilver dragon (Vaults:5)
  An Executioner (Abyss:2)
  Frances (Shoals:2)
  3 krakens
  A tentacled starspawn (Abyss:2)
  2 sphinxes (Vaults:5)
  A storm dragon (Vaults:5)
  Agnes (Spider:4)
  3 shadow dragons (Vaults:5)
  A tengu reaver (Vaults:5)
  Kirke (D:15)
  Roxanne (D:15)
  A deep elf sorcerer (Vaults:5)
  Ilsuiw (Shoals:3)
  2 fire giants (Vaults:5)
  Wiglaf (Spider:4)
  Maud (Lair:5)
  Louise (Spider:2)
  15 vault wardens
  4 frost giants
  3 emperor scorpions (Spider:4)
  Donald (Vaults:3)
  5 ghost moths
  4 ironheart preservers
  An orc warlord (Orc:2)
  3 war gargoyles (Vaults:5)
  3 stone giants
  Nessos (D:15)
  A vampire knight (Vaults:3)
  7 spark wasps (Spider:4)
  A deep elf annihilator (Vaults:4)
  An orange crystal statue (WizLab)
  3 ettins
  A deep elf death mage (Vaults:4)
  A minotaur (Lab)
  8 merfolk impalers
  29 vault guards
  10 yaktaur captains
  A deep elf high priest (Vaults:5)
  3 entropy weavers
  3 fire dragons (Vaults:2)
  6 hydras
  Fannar (D:12)
  2 ice dragons
  5 great orbs of eyes
  2 rakshasas
  2 catoblepae
  2 alligator snapping turtles
  3 satyrs
  3 merfolk avatars
  7 death knights
  7 merfolk aquamancers
  6 ogre magi
  A deep troll shaman (Lair:8)
  A dancing weapon (Vaults:5)
  9 centaur warriors
  2 orc high priests (Orc:2)
  2 thrashing horrors (Abyss:2)
  4 death yaks (Lair:8)
  6 deep elf knights
  A wretched star (Vaults:5)
  A spectral emperor scorpion (Spider:4)
  3 hell knights (Vaults:3)
  3 unseen horrors
  16 sea snakes
  3 shadow wraiths
  The ghost of Galewind the Thaumaturge, a novice DECj of Vehumet (D:10)
  8 death scarabs (Spider:4)
  2 fire crabs
  7 skeletal warriors
  An unseen horror (shapeshifter) (D:15)
  2 flayed ghosts
  4 starcursed masses (Abyss:2)
  22 ironbrand convokers
  A lindwurm (Lair:8)
  4 phantasmal warriors
  6 necromancers
  A wolf spider zombie (Spider:4)
  6 deep elf archers
  27 harpies
  5 spectral wolf spiders (Spider:4)
  A kraken simulacrum (Shoals:4)
  7 hill giants
  5 large abominations (Abyss:2)
  11 deep elf magi
  17 orc knights
  12 griffons
  3 oklob plants
  2 wizards
  12 orb spiders
  27 wolf spiders
  14 ugly things
  2 moths of wrath (shapeshifter) (D:15)
  A sixfirhy (Abyss:2)
  10 cyclopes
  15 manticores
  11 fauns
  9 hornets
  A griffon (shapeshifter) (Vaults:5)
  14 elephants
  A fire giant skeleton (Vaults:5)
  5 orc sorcerers (Orc:2)
  Maurice (Orc:2)
  4 moths of wrath (Spider:4)
  4 black mambas
  12 vault sentinels
  6 sirens
  Psyche (D:12)
  6 water nymphs
  An eye of devastation (Abyss:2)
  A yaktaur zombie (Vaults:5)
  A gargoyle (D:11)
  An apocalypse crab (Abyss:2)
  A smoke demon (Abyss:2)
  2 human zombies (Vaults:5)
  3 spectral redbacks (Spider:4)
  2 ice statues
  11 komodo dragons
  2 torpor snails (Spider:3)
  4 kobold demonologists
  13 spiny frogs
  A redback zombie (D:15)
  5 freezing wraiths
  31 yaktaurs
  2 efreet
  2 ancient zymes (Abyss:2)
  11 demonic crawlers
  A queen bee (shapeshifter) (Vaults:2)
  A harpy zombie (D:15)
  A queen bee (D:9)
  A tengu conjurer (D:13)
  2 wind drakes
  16 polar bears
  30 merfolk
  34 jumping spiders
  A troll (shapeshifter) (Vaults:5)
  4 spectral jumping spiders (Spider:4)
  A spectral hornet (Spider:4)
  12 trolls
  4 two-headed ogres
  4 raiju (Abyss:2)
  2 tarantella zombies (Spider:4)
  19 blink frogs
  4 hornet zombies
  25 slime creatures
  4 jumping spider zombies (Spider:4)
  A slime creature (shapeshifter) (Vaults:5)
  4 snapping turtles
  9 boulder beetles
  31 tarantellas
  An ettin skeleton (Vaults:5)
  2 ynoxinuls (Abyss:2)
  2 shadows (D:11)
  93 redbacks
  A spriggan (Lair:5)
  18 water elementals
  A spriggan (shapeshifter) (Vaults:4)
  5 wyverns
  Eustachio (D:5)
  6 basilisks
  3 wraiths
  A basilisk (shapeshifter) (D:13)
  62 yaks
  2 steam dragons (D:9)
  5 hungry ghosts
  5 hogs (D:15)
  A chaos spawn (Abyss:2)
  3 neqoxecs (Abyss:2)
  13 hippogriffs
  5 wargs (Orc:2)
  A mottled dragon (shapeshifter) (D:15)
  12 vampire mosquitoes
  A mottled dragon (D:15)
  A soldier ant (D:13)
  16 water moccasins
  14 porcupines
  6 ice beasts
  35 orc warriors
  A sky beast (shapeshifter) (Vaults:3)
  6 wasps
  3 sky beasts
  6 phantoms
  26 wolves
  3 necrophages
  27 ogres
  3 boggarts
  3 black bears
  25 centaurs
  17 crocodiles
  2 big kobolds
  Blork the orc (D:5)
  A gnoll sergeant (D:9)
  5 small abominations (Abyss:2)
  27 giant frogs
  A wyvern zombie (D:14)
  A wyvern skeleton (D:14)
  6 scorpions
  31 killer bees (D:9)
  8 wights
  An electric eel (Lair:8)
  5 howler monkeys
  7 crimson imps
  5 centaur zombies
  2 giant frog zombies
  A quasit (D:13)
  6 hounds
  27 orc priests
  3 jellies
  4 centaur skeletons
  27 orc wizards
  3 iron imps (Abyss:2)
  11 iguanas
  A gnoll shaman (D:5)
  11 worker ants
  6 hell rats (Lair:5)
  8 sheep
  A hound skeleton (D:9)
  A worker ant zombie (D:5)
  12 gnolls
  A howler monkey skeleton (D:6)
  10 adders
  39 river rats
  4 shadow imps
  A white imp (Abyss:2)
  An ooze (D:5)
  An adder zombie (D:8)
  2 adder skeletons (D:4)
  7 worms
  A dart slug (D:1)
  9 giant geckos
  90 orcs
  10 bats
  9 giant cockroaches
  8 goblins
  8 hobgoblins
  23 jackals
  3 quokkas
  3 ball pythons (D:2)
  A giant cockroach zombie (D:6)
  4 giant newts
  13 kobolds
  10 rats
  2 bushes (Lair:2)
  A crawling corpse (Vaults:4)
  A fungus (Lair:6)
  9 plants
  5 tentacles
1793 creatures vanquished.

Vanquished Creatures (collateral kills)
  A vault warden (Vaults:5)
  An ironheart preserver (Vaults:5)
  A demonic crawler (Spider:2)
  A tarantella (Spider:2)
  A yak (Lair:1)
  A giant frog (Lair:1)
6 creatures vanquished.

Vanquished Creatures (others)
  An ironbrand convoker (Vaults:4)
  A wolf spider (Spider:4)
  A jumping spider (Spider:4)
  A merfolk (Shoals:4)
  An ogre (Vaults:4)
  A crawling corpse (Vaults:4)
  19 fungi
  7 plants
  11 tentacles
  206 tentacle segments
  A withered plant (D:7)
250 creatures vanquished.

Grand Total: 2049 creatures vanquished

Notes
Turn   | Place    | Note
--------------------------------------------------------------
     0 | D:1      | nikopol the Minotaur Berserker began the quest for the Orb.
     0 | D:1      | Reached XP level 1. HP: 19/19 MP: 0/0
     5 | D:1      | Found a shimmering altar of Xom.
   242 | D:1      | Reached XP level 2. HP: 27/27 MP: 1/1
   430 | D:1      | Reached skill level 4 in Polearms
   667 | D:1      | Reached ** piety under Trog
   813 | D:1      | Reached XP level 3. HP: 30/33 MP: 2/2
  1491 | D:2      | Reached XP level 4. HP: 22/40 MP: 3/3
  1637 | D:2      | Found a shattered altar of Ashenzari.
  1651 | D:2      | Found an oddly glowing altar of Pakellas.
  2034 | D:2      | Found an iron altar of Okawaru.
  2100 | D:2      | Found a deep blue altar of Sif Muna.
  2238 | D:3      | Found a sacrificial altar of Ru.
  2327 | D:3      | Reached *** piety under Trog
  2525 | D:3      | Reached XP level 5. HP: 47/47 MP: 4/4
  2935 | D:4      | Reached skill level 5 in Fighting
  2935 | D:4      | Reached skill level 5 in Polearms
  3226 | D:4      | Reached XP level 6. HP: 51/56 MP: 5/5
  3329 | D:4      | Reached **** piety under Trog
  3437 | D:4      | Reached skill level 5 in Armour
  3955 | D:5      | Entered Level 5 of the Dungeon
  3955 | D:5      | Noticed a sky beast
  3982 | D:5      | Killed a sky beast
  3982 | D:5      | Reached XP level 7. HP: 16/62 MP: 6/6
  4305 | D:5      | Noticed Eustachio
  4360 | D:5      | Reached skill level 6 in Polearms
  4631 | D:5      | Reached skill level 5 in Dodging
  4746 | D:5      | Killed Eustachio
  4746 | D:5      | Reached XP level 8. HP: 13/71 MP: 7/7
  5155 | D:5      | Noticed Blork the orc
  5171 | D:5      | Killed Blork the orc
  5255 | D:5      | Found a radiant altar of Vehumet.
  5260 | D:5      | Reached skill level 7 in Polearms
  5592 | D:6      | Found a burning altar of Makhleb.
  5979 | D:6      | Reached ***** piety under Trog
  6183 | D:6      | Reached skill level 8 in Polearms
  6242 | D:7      | Found a stormy altar of Qazlal.
  6258 | D:7      | Found a white marble altar of Elyvilon.
  6311 | D:7      | Reached XP level 9. HP: 81/81 MP: 8/8
  6347 | D:7      | Found an ancient bone altar of Kikubaaqudgha.
  6461 | D:7      | Found a staircase to the Ecumenical Temple.
  7066 | D:8      | Found Zuporphe's Serpentskin Sales.
  7376 | D:8      | Reached skill level 9 in Polearms
  8016 | D:9      | Found a snail-covered altar of Cheibriados.
  8121 | D:9      | Noticed a queen bee
  8127 | D:9      | Reached XP level 10. HP: 86/91 MP: 9/9
  8198 | D:9      | Reached skill level 10 in Polearms
  8384 | D:9      | Received a gift from Trog
  8419 | D:9      | Found Piom's Food Shop.
  8513 | D:9      | Reached skill level 10 in Fighting
  8861 | D:9      | Reached skill level 10 in Armour
  9252 | D:9      | Found a staircase to the Lair.
  9373 | Lair:1   | Entered Level 1 of the Lair of Beasts
  9393 | Lair:1   | Identified a scroll of acquirement
  9446 | Lair:1   | Reached XP level 11. HP: 73/101 MP: 10/10
  9455 | Lair:1   | Reached skill level 11 in Polearms
  9575 | Lair:1   | Found a labyrinth entrance.
  9587 | Lab      | Entered a labyrinth
 10295 | Lab      | Paralysed by fainting for 9 turns
 10378 | Lab      | Paralysed by fainting for 12 turns
 11099 | Lab      | Noticed a minotaur
 11111 | Lab      | Killed a minotaur
 11124 | Lab      | Got a translucent bronze ring
 11160 | Lair:1   | Identified the ring of Qazlal's Hope {+Fly Dex+3} (You found it in a labyrinth)
 11246 | Lair:1   | Reached skill level 10 in Dodging
 11715 | Lair:1   | Reached ****** piety under Trog
 12103 | Lair:1   | Received a gift from Trog
 12228 | Lair:1   | Noticed a seven-headed hydra
 12237 | Lair:1   | Killed a seven-headed hydra
 12449 | Lair:2   | Reached skill level 12 in Polearms
 12456 | Lair:2   | Noticed an oklob plant
 12614 | Lair:2   | Paralysed by fainting for 12 turns
 12947 | Lair:2   | Reached XP level 12. HP: 112/112 MP: 11/11
 13989 | Lair:3   | Received a gift from Trog
 14475 | Lair:4   | Found a staircase to the Shoals.
 14478 | Lair:4   | Reached skill level 13 in Polearms
 14725 | Lair:4   | Noticed a four-headed hydra
 14736 | Lair:4   | Killed an eight-headed hydra
 14768 | Lair:4   | You are sucked into a shaft for 3 floors!
 15160 | D:10     | Entered Level 10 of the Dungeon
 15352 | D:10     | Noticed Galewind's ghost (novice DECj)
 15358 | D:10     | Killed Galewind's ghost
 15416 | D:10     | Found Veffa's Antique Armour Emporium.
 15668 | D:10     | Found a staircase to the Orcish Mines.
 16213 | Lair:4   | Reached skill level 1 in Bows
 16322 | Lair:4   | Received a gift from Trog
 16322 | Lair:4   | Reached XP level 13. HP: 106/122 MP: 4/12
 16485 | Lair:4   | Reached skill level 14 in Polearms
 17559 | Lair:5   | Found a hole to the Spider Nest.
 17592 | Lair:5   | Received a gift from Trog
 17935 | Lair:5   | Noticed Maud
 17958 | Lair:5   | Killed Maud
 18472 | Lair:6   | Received a gift from Trog
 18511 | Lair:6   | Gained mutation: You have sharp toenails. [potion of beneficial mutation]
 18512 | Lair:6   | Gained mutation: You are agile. (Dex +2) [potion of beneficial mutation]
 18979 | Lair:6   | Found a viscous altar of Jiyva.
 18991 | Lair:6   | Reached skill level 5 in Bows
 18993 | Lair:6   | Found a staircase to the Slime Pits.
 19376 | Lair:7   | Got an encrusted trident
 19378 | Lair:7   | Identified the +10 trident of Avitog {speed, Str+3} (You found it on level 7 of the Lair of Beasts)
 19868 | Lair:7   | Reached skill level 15 in Polearms
 20235 | Lair:8   | Entered Level 8 of the Lair of Beasts
 20303 | Lair:8   | Received a gift from Trog
 20577 | Lair:8   | Reached XP level 14. HP: 130/130 MP: 13/13
 21226 | Lair:8   | Got a translucent leather armour
 21237 | Lair:8   | Identified the +1 leather armour of Too Many Cooks {rC+ Regen+ Int+4} (You found it on level 8 of the Lair of Beasts)
 22012 | Orc:1    | Entered Level 1 of the Orcish Mines
 22029 | Orc:1    | Received a gift from Trog
 22341 | Orc:2    | Entered Level 2 of the Orcish Mines
 22341 | Orc:2    | Found Veit's Antique Weapon Emporium.
 22469 | Orc:2    | Received a gift from Trog
 22474 | Orc:2    | Got a steaming longbow {god gift}
 22480 | Orc:2    | Identified the +7 longbow of Exoneration {speed, rElec rF+ Str-3} (Trog gifted it to you on level 2 of the Orcish Mines)
 22534 | Orc:2    | Found a staircase to the Elven Halls.
 22661 | Orc:2    | Noticed Maurice
 22720 | Orc:2    | Found Utaegab's Jewellery Shop.
 22850 | Orc:2    | Found Dotipsya's Antique Armour Emporium.
 22850 | Orc:2    | Noticed an orc warlord
 22884 | Orc:2    | Killed an orc warlord
 23065 | Orc:2    | Reached skill level 16 in Polearms
 23196 | Orc:2    | Killed Maurice
 23324 | Orc:2    | Received a gift from Trog
 23336 | Orc:2    | Found Pile's General Store.
 24576 | D:11     | Received a gift from Trog
 24582 | D:11     | Got a warped longbow {god gift}
 24583 | D:11     | Lost intelligence.
 24583 | D:11     | Identified the +6 longbow of Ijecuwa {freeze, Str-5 Int-5 SInv Stlth+} (Trog gifted it to you on level 11 of the Dungeon)
 24930 | D:12     | Noticed Fannar
 24956 | D:12     | Killed Fannar
 25253 | D:12     | Noticed Psyche
 25259 | D:12     | Killed Psyche
 25439 | D:13     | Found a frozen archway.
 25458 | D:13     | Reached XP level 15. HP: 139/139 MP: 14/14
 25470 | IceCv    | Entered an ice cave
 25841 | IceCv    | Noticed a frost giant
 25865 | IceCv    | Killed a frost giant
 26143 | IceCv    | Got a fine halberd
 26240 | D:13     | Received a gift from Trog
 26252 | D:13     | Identified the +7 halberd of Accord {elec, rPois Int+6} (You found it in an ice cave)
 26647 | D:13     | Reached skill level 10 in Bows
 26676 | D:13     | Reached skill level 17 in Polearms
 27160 | D:14     | Noticed Nessos
 27699 | D:14     | Found a shadowy altar of Dithmenos.
 28213 | D:14     | Reached skill level 15 in Fighting
 28257 | D:14     | Found a gate to the Vaults.
 28643 | D:15     | Entered Level 15 of the Dungeon
 28770 | D:15     | Received a gift from Trog
 28974 | D:15     | Killed Nessos
 29083 | D:15     | Noticed Kirke
 29112 | D:15     | Killed Kirke
 29116 | D:15     | Reached skill level 15 in Armour
 29482 | D:15     | Noticed Rupert
 29500 | D:15     | Killed Rupert
 29500 | D:15     | Reached XP level 16. HP: 148/149 MP: 15/15
 29501 | D:15     | Noticed Roxanne
 29540 | D:15     | Killed Roxanne
 29595 | D:15     | Found Ziqo's Weapon Boutique.
 29959 | D:15     | Found an oddly glowing altar of Pakellas.
 30471 | D:15     | Found a staircase to the Depths.
 30724 | D:8      | Bought an uncursed ring of poison resistance for 260 gold pieces
 31016 | Spider:1 | Entered Level 1 of the Spider Nest
 31168 | Spider:1 | Received a gift from Trog
 31192 | Spider:1 | Gained mutation: Your mind is acute. (Int +2) [potion of beneficial mutation]
 31530 | Spider:1 | Reached skill level 18 in Polearms
 33489 | Spider:2 | Received a gift from Trog
 33765 | Spider:3 | Noticed Louise
 33798 | Spider:2 | Killed Louise
 33929 | Spider:3 | Received a gift from Trog
 33943 | Spider:3 | Noticed Jorgrun
 33996 | Spider:2 | Killed Jorgrun
 34276 | Spider:3 | Got a transparent glaive
 34941 | Spider:4 | Entered Level 4 of the Spider Nest
 34942 | Spider:4 | Noticed Agnes
 34953 | Spider:4 | Killed Agnes
 34997 | Spider:4 | Identified the +4 glaive "Nof Cabbu" {pain, rPois} (You found it on level 3 of the Spider Nest)
 35170 | Spider:4 | Reached XP level 17. HP: 158/158 MP: 16/16
 35174 | Spider:4 | Reached skill level 15 in Dodging
 35320 | Spider:4 | Noticed Wiglaf
 35350 | Spider:4 | Killed Wiglaf
 35352 | Spider:4 | Received a gift from Trog
 35411 | Spider:4 | Received a gift from Trog
 35502 | Spider:4 | Reached skill level 19 in Polearms
 35727 | Spider:4 | Received a gift from Trog
 36075 | Spider:4 | Received a gift from Trog
 37073 | Spider:4 | Received a gift from Trog
 37383 | Spider:4 | Got a gossamer rune of Zot
 37715 | Shoals:1 | Entered Level 1 of the Shoals
 38052 | Shoals:1 | Found Vamay's Gadget Boutique.
 38269 | Shoals:1 | Reached XP level 18. HP: 168/168 MP: 17/17
 39030 | Shoals:2 | Reached skill level 20 in Polearms
 39125 | Shoals:2 | Reached skill level 15 in Bows
 39246 | Shoals:2 | Received a gift from Trog
 39595 | Shoals:2 | Noticed Frances
 39630 | Shoals:2 | Killed Frances
 40111 | Shoals:2 | Received a gift from Trog
 41082 | Shoals:4 | Entered Level 4 of the Shoals
 41175 | Shoals:4 | Noticed jombi's ghost (adept NaMo)
 41326 | Shoals:4 | Killed jombi's ghost
 41326 | Shoals:4 | Received a gift from Trog
 41339 | Shoals:4 | Noticed Ilsuiw
 41929 | Shoals:4 | Received a gift from Trog
 41930 | Shoals:4 | Noticed Nikola
 42011 | Shoals:3 | Killed Ilsuiw
 42177 | Shoals:3 | Killed Nikola
 42410 | Shoals:4 | Got a barnacled rune of Zot
 43265 | Shoals:4 | Received a gift from Trog
 44073 | Vaults:1 | Entered Level 1 of the Vaults
 44107 | Vaults:1 | Reached XP level 19. HP: 156/177 MP: 18/18
 44733 | Vaults:1 | Reached skill level 21 in Polearms
 44982 | Vaults:1 | Received a gift from Trog
 45843 | Vaults:1 | Found Unkiloof's Assorted Antiques.
 46243 | Vaults:2 | Received a gift from Trog
 47091 | Vaults:2 | Received a gift from Trog
 47326 | Vaults:2 | Received a gift from Trog
 47932 | Vaults:3 | Found a staircase to the Crypt.
 48150 | Vaults:3 | Noticed Donald
 48166 | Vaults:3 | Killed Donald
 48596 | Vaults:3 | Reached XP level 20. HP: 158/187 MP: 19/19
 48928 | Vaults:3 | Noticed Saint Roka
 48944 | Vaults:3 | Killed Saint Roka
 49088 | Vaults:3 | Received a gift from Trog
 49159 | Vaults:3 | Noticed Margery
 49195 | Vaults:3 | Killed Margery
 49198 | Vaults:3 | Reached skill level 22 in Polearms
 50208 | Vaults:4 | Found a magical portal.
 50232 | WizLab   | Entered Wucad Mu's Monastery
 51341 | Vaults:4 | Received a gift from Trog
 51673 | Vaults:4 | Received a gift from Trog
 51787 | Vaults:4 | Noticed Mennas
 51837 | Vaults:4 | Killed Mennas
 52804 | Vaults:4 | Received a gift from Trog
 54236 | Vaults:5 | Entered Level 5 of the Vaults
 54340 | Vaults:5 | Reached XP level 21. HP: 87/195 MP: 20/20
 54555 | Vaults:5 | Received a gift from Trog
 54743 | Vaults:5 | Noticed a golden dragon
 54767 | Vaults:5 | Killed a golden dragon
 55015 | Vaults:5 | Reached skill level 23 in Polearms
 55490 | Vaults:5 | Gained mutation: Your spells are a little harder to cast, but a little more powerful. [potion of beneficial mutation]
 55633 | Vaults:5 | Cast into level 2 of the Abyss (a deep elf sorcerer)
 56317 | Vaults:5 | Escaped the Abyss
 56357 | Vaults:5 | Received a gift from Trog
 56436 | Vaults:5 | Shot with a bolt by a yaktaur captain

Skill      XL: |  1  2  3  4  5  6  7  8  9 10 11 12 13 14 15 16 17 18 19 20 21 |
---------------+----------------------------------------------------------------+-----
Fighting       | 4 5 6 7 9 10 12 13 14 15 16 17 18 19 | 19.0
Polearms       | 4 5 6 8 9 10 12 13 15 16 17 18 19 20 21 22 23 | 23.4
Armour         | 3 4 5 6 7 9 10 11 12 13 14 15 16 17 18 | 18.9
Dodging        | 3 4 5 6 8 9 10 11 12 13 14 15 16 17 18 | 18.0
Bows           | 1 6 9 11 13 14 16 17 18 19 | 19.1

Action                   |  1- 3 |  4- 6 |  7- 9 | 10-12 | 13-15 | 16-18 | 19-21 || total
-------------------------+-------+-------+-------+-------+-------+-------+-------++-------
Melee: Spear             |   112 |   241 |   195 |   713 |       |       |       ||  1261
       Headbutt          |    10 |    32 |    98 |   217 |   340 |   408 |   496 ||  1601
       Trident           |       |       |   300 |   123 |  1000 |  1614 |  1632 ||  4669
       Halberd           |       |       |       |   212 |   243 |       |       ||   455
 Fire: Shortbow          |       |       |       |    54 |   295 |       |       ||   349
       Longbow           |       |       |       |       |   464 |   891 |  1007 ||  2362
Invok: Burn Spellbooks   |       |     2 |       |     2 |     3 |     2 |     4 ||    13
       Berserk           |       |       |     2 |     7 |    11 |    10 |     9 ||    39
       Trog's Hand       |       |       |       |     1 |       |       |     3 ||     4
       Brothers in Arms  |       |       |       |       |       |     1 |     1 ||     2
  Use: Scroll            |       |       |       |    26 |    12 |     6 |    19 ||    63
       Potion            |       |       |       |       |     3 |     1 |     2 ||     6
 Stab: Sleeping          |     4 |       |       |       |       |       |       ||     4
       Petrified         |       |       |       |       |     8 |       |       ||     8
  Eat: Chunk             |     2 |     7 |    17 |    27 |    47 |    34 |    66 ||   200
       Bread ration      |       |       |       |     3 |       |       |       ||     3
       Beef jerky        |       |       |       |     1 |       |    11 |     1 ||    13
       Pizza             |       |       |       |       |     3 |       |       ||     3
       Fruit             |       |       |       |       |       |     4 |       ||     4
       Royal jelly       |       |       |       |       |       |     1 |       ||     1
Armor: Animal skin       |     3 |       |       |       |       |       |       ||     3
       Leather armour    |     8 |     3 |       |       |       |       |       ||    11
       Scale mail        |       |    71 |   131 |   238 |   201 |    15 |       ||   656
       Plate armour      |       |       |       |       |    51 |       |   408 ||   459
       Chain mail        |       |       |       |       |       |   539 |   120 ||   659
Dodge: Dodged            |    29 |    94 |   249 |   465 |   697 |  1062 |   835 ||  3431
